 Dungeon Crawl Stone Soup version 0.22-a0-248-gc8378ba (webtiles) character file.

40 KristoblXynda the Slasher (level 3, -2/29 HPs)
             Began as a Draconian Gladiator on Feb 28, 2018.
             Was an Initiate of Yredelemnul.
             Slain by a hobgoblin
             ... wielding a +0 club
             ... led by Robin
              (9 damage)
             ... on level 2 of the Dungeon.
             The game lasted 00:01:18 (892 turns).

KristoblXynda the Slasher (Draconian Gladiator)      Turns: 892, Time: 00:01:18

Health: -2/29      AC:  5    Str: 14    XL:     3   Next: 30%
Magic:  3/3        EV: 13    Int:  9    God:    Yredelemnul [......]
Gold:   138        SH:  0    Dex: 14    Spells: 2/2 levels left

rFire    . . .     SeeInvis .   a - +0 long sword
rCold    . . .     Gourm    .   (no shield)
rNeg     . . .     Faith    .   (armour unavailable)
rPois    .         Spirit   .   b - +0 hat
rElec    .         Reflect  .   (no cloak)
rCorr    .         Harm     .   (no gloves)
MR       .....                  (no boots)
Stlth    +.........             (no amulet)
HPRegen  0.09/turn              (no ring)
MPRegen  0.08/turn              (no ring)

@: no status effects
A: unfitting armour, big wings, agile 1, weak 1, cold-blooded, AC +5
a: Fly, Renounce Religion


You were on level 2 of the Dungeon.
You worshipped Yredelemnul.
Yredelemnul was noncommittal.
You were not hungry.

You visited 1 branch of the dungeon, and saw 2 of its levels.

You collected 138 gold pieces.

Inventory:

Hand Weapons
 a - a +0 long sword (weapon)
Missiles
 c - 3 throwing nets (quivered)
Armour
 b - a +0 hat (worn)
Jewellery
 h - an uncursed ring of fire {unknown}
Scrolls
 f - a scroll of immolation {unknown}
 j - a scroll of identify {unknown}
 l - a scroll of teleportation {unknown}
Potions
 e - a potion of heal wounds {unknown}
 g - a potion of mutation
 i - a potion of ambrosia {unknown}
 k - a potion of haste {unknown}
Comestibles
 d - 3 rations


   Skills:
 - Level 2.1 Fighting
 * Level 3.8 Long Blades
 - Level 2.1 Throwing
 + Level 3.1 Dodging


You had 2 spell levels left.
You didn't know any spells.

Dungeon Overview and Level Annotations

Branches:
Dungeon (2/15)

Altars:
Wu Jian
Yredelemnul

Annotations:
D:2 Robin


Innate Abilities, Weirdness & Mutations

Your plain brown scales are hard. (AC +5)
You cannot fit into any form of body armour.
You are cold-blooded and may be slowed by cold attacks.
Your large and strong wings let you fly indefinitely.
You are agile. (Dex +2)
You are weak. (Str -2)


Message History

The goblin closely misses you.
You riposte.
You barely miss the goblin. You hit the goblin but do no damage.
The goblin is heavily wounded.
The goblin hits you with a club. The goblin hits you but does no damage.
The goblin hits you with a club. The goblin completely misses you.
Robin throws the goblin at you! The hobgoblin completely misses you.
The goblin barely misses you.
You riposte.
You slash the goblin!
You kill the goblin!
Yredelemnul accepts your kill. The goblin barely misses you.
It was a potion of mutation.
You feel extremely strange.
Your wings grow larger and stronger.
You feel weaker.
You feel agile. The goblin closely misses you.
The goblin hits you but does no damage. The goblin hits you with a club.
* * * LOW HITPOINT WARNING * * *
The goblin hits you with a club.
* * * LOW HITPOINT WARNING * * *
The hobgoblin hits you with a club!
You die...
Your body rises from the dead as a mindless zombie.

............................
#...#..............(........
............................
............................
)............###............
.............###............
.............#..............
...............g)g..########
#....###.......g@gg.....
#.............g#gg.......
...............'g.........
###..........)#g.........
..................[....
.......####.......#####
....... #$......# ......
#.......# .... #.......


You could see Robin, 3 hobgoblins and 6 goblins.

Vanquished Creatures
  An ooze (D:1)
  A worm (D:2)
  A leopard gecko (D:1)
  A giant cockroach (D:2)
  4 goblins
  6 hobgoblins
  2 jackals (D:1)
  5 bats
  2 frilled lizards (D:2)
  4 kobolds (D:1)
  4 rats (D:1)
31 creatures vanquished.

Notes
Turn   | Place    | Note
-------+----------+-------------------------------------------
     0 | D:1      | KristoblXynda the Draconian Gladiator began the quest for the Orb.
     0 | D:1      | Reached XP level 1. HP: 17/17 MP: 1/1
    93 | D:1      | Reached XP level 2. HP: 18/24 MP: 2/2
   530 | D:1      | Reached XP level 3. HP: 27/29 MP: 3/3
   810 | D:2      | Found a basalt altar of Yredelemnul.
   824 | D:2      | Became a worshipper of Yredelemnul the Dark
   852 | D:2      | Found an ornate altar of the Wu Jian Council.
   883 | D:2      | Noticed Robin
   892 | D:2      | Gained mutation: Your large and strong wings let you fly indefinitely. [potion of mutation]
   892 | D:2      | Gained mutation: You are weak. (Str -2) [potion of mutation]
   892 | D:2      | Gained mutation: You are agile. (Dex +2) [potion of mutation]
   892 | D:2      | Slain by a hobgoblin

Vault maps used:
D:1:      enne_arrival_octagon_isle, hex_medium
D:2:      lemuel_upstairs_altar, lemuel_crystal_altar, lemuel_crystal_altar,
          st_stairs_14, uniq_robin, uniq_sigmund, uniq_jessica

Skill      XL: |  1  2 |
---------------+-------+-----
Throwing       | 2 |  2.1
Dodging        | 3 |  3.1
Fighting       | |  2.1
Long Blades    | |  3.8

Action                   || total
-------------------------++-------
Melee: Long sword        ||    60
       Tailslap          ||    10
  Use: Potion            ||     1
Armor: Skin              ||    24
Dodge: Dodged            ||    80
       Rpst.: Long sword ||    28

Table legend:
 A = Spawn XP
 B = Non-spawn XP
 C = Spawn XP percentage of total XP
 D = Spawn monster count
 E = Non-spawn monster count
 F = Spawn count percentage of total count
 G = Total turns spent on level
                    A         B        C        D         E        F      G
               +---------+---------+-------+---------+---------+-------+---------
         Total |       0 |      58 |   0.0 |       0 |      31 |   0.0 |   892
               +---------+---------+-------+---------+---------+-------+---------
           D:1 |       0 |      42 |   0.0 |       0 |      23 |   0.0 |   810
           D:2 |       0 |      16 |   0.0 |       0 |       8 |   0.0 |    82
               +---------+---------+-------+---------+---------+-------+---------
